 Dungeon Crawl Stone Soup version 0.21.1-1-g345015fe64 (webtiles) character file.

84 Fibo the Skirmisher (level 4, -3/37 HPs)
             Began as a Demonspawn Fighter on May 5, 2018.
             Was an Initiate of Makhleb.
             Killed by divine providence
             ... invoked by an orc priest
              (12 damage)
             ... on level 3 of the Dungeon.
             The game lasted 00:12:59 (2250 turns).

Fibo the Skirmisher (Demonspawn Fighter)            Turns: 2250, Time: 00:13:04

Health: -3/37      AC: 13    Str: 17    XL:     4   Next: 24%
Magic:  4/4        EV:  4    Int:  9    God:    Makhleb [......]
Gold:   147        SH:  8    Dex: 13    Spells: 3/3 levels left

rFire    . . .     SeeInvis .   a - +0 flail
rCold    . . .     Gourm    .   c - +0 shield
rNeg     . . .     Faith    +   e - +0 chain mail
rPois    .         Spirit   .   (no helmet)
rElec    .         Reflect  .   (no cloak)
rCorr    .         Harm     .   (no gloves)
MR       .....                  (no boots)
Stlth    ..........             k - amulet of faith
HPRegen  0.12/turn              (no ring)
MPRegen  0.09/turn              (no ring)

@: lethally poisoned (-3 -> -18)
A: iridescent scales 2
a: Renounce Religion


You were on level 3 of the Dungeon.
You worshipped Makhleb.
Makhleb was noncommittal.
You were near starving.

You visited 1 branch of the dungeon, and saw 3 of its levels.

You collected 147 gold pieces.

Inventory:

Hand Weapons
 a - a +0 flail (weapon)
 b - a +0 hunting sling
 m - a +0 spear
 u - a +0 hunting sling
Missiles
 g - 95 stones (quivered)
 r - 32 sling bullets
 y - 81 bolts
 A - 16 poisoned needles
Armour
 c - a +0 shield (worn)
 e - a +0 chain mail (worn)
 i - a +0 robe
 s - a +0 shield
 t - a +0 scale mail
 z - a +0 ring mail
 C - a +0 ring mail
Jewellery
 k - an amulet of faith (around neck)
 D - an uncursed ring of see invisible {unknown}
Scrolls
 l - a scroll of amnesia {unknown}
 n - a scroll of fear {unknown}
 o - a scroll of teleportation {unknown}
 p - 2 scrolls of identify
 q - a scroll of immolation {unknown}
 x - a scroll of remove curse {unknown}
 E - a scroll of enchant armour {unknown}
Potions
 d - 2 potions of might
 h - a potion of haste
 j - a potion of curing {unknown}
 v - a potion of degeneration
 w - a potion of magic
 B - a potion of resistance {unknown}
Comestibles
 f - 7 rations


   Skills:
 + Level 3.8 Fighting
 + Level 2.7 Maces & Flails
 + Level 3.4 Armour
 - Level 2.6 Shields


You had 3 spell levels left.
You didn't know any spells.

Dungeon Overview and Level Annotations

Branches:
Dungeon (3/15)

Altars:
Makhleb
Zin

Annotations:
D:3 Tegun's ghost, amateur OgNe


Innate Abilities, Weirdness & Mutations

You are mostly covered in iridescent scales. (AC +4)


Message History

The worker ant bites you but does no damage.
You closely miss the worker ant.
The worker ant is moderately wounded.
You feel sick.
The orc priest invokes the aid of Beogh against you.
Beogh smites you! The worker ant bites you. The orc priest barely misses you.
You hit the worker ant.
The worker ant is severely wounded.
* * * LOW HITPOINT WARNING * * *
You feel sick. You block the worker ant's attack.
The orc priest casts a cantrip, but nothing happens.
The worker ant barely misses you.
You hit the worker ant but do no damage.
The worker ant is severely wounded.
* * * LOW HITPOINT WARNING * * *
You feel sick.
The worker ant bites you but does no damage.
The orc priest mumbles some strange prayers to Beogh against you.
Beogh smites you!
You die...

#.#..# #.#.# . #
#)#..######.#.# .
#.#.#...........#
.
#.#.##.######.###
. #......# #.# .
###.#### #.# .
#.# #.# . #.# #.#
. #@# #.# .
......a)..# #.# #
.......o..#
..........#
..........#
#.........#
#.........#
#######.###


You could see a worker ant and an orc priest.

Vanquished Creatures
  An adder (D:2)
  A worm (D:2)
  2 dart slugs
  5 leopard geckos
  2 orcs (D:3)
  7 hobgoblins
  7 jackals (D:1)
  A kobold (D:1)
  2 quokkas (D:2)
  2 ball pythons
  8 bats
  3 frilled lizards
  10 goblins
  A jackal skeleton (D:3)
  4 rats
56 creatures vanquished.

Notes
Turn   | Place    | Note
-------+----------+-------------------------------------------
     0 | D:1      | Fibo the Demonspawn Fighter began the quest for the Orb.
     0 | D:1      | Reached XP level 1. HP: 18/18 MP: 1/1
   288 | D:1      | Gained mutation: You are partially covered in iridescent scales. (AC +2) [demonic ancestry]
   288 | D:1      | Reached XP level 2. HP: 24/24 MP: 2/2
   867 | D:1      | Reached XP level 3. HP: 23/29 MP: 3/3
  1200 | D:2      | Found a glowing silver altar of Zin.
  1453 | D:2      | Found a burning altar of Makhleb.
  1506 | D:2      | Gained mutation: You are mostly covered in iridescent scales. (AC +4) [demonic ancestry]
  1506 | D:2      | Reached XP level 4. HP: 37/37 MP: 4/4
  1733 | D:2      | Became a worshipper of Makhleb the Destroyer
  1848 | D:3      | Noticed Tegun's ghost (amateur OgNe)
  2250 | D:3      | Killed from afar by an orc priest

Skill      XL: |  1  2 |
---------------+-------+-----
Maces & Flails | 2 |  2.7
Armour         | 3 |  3.4
Fighting       | |  3.8
Shields        | |  2.6

Action                   |  1- 3 |  4- 6 || total
-------------------------+-------+-------++-------
Melee: Flail             |   169 |    43 ||   212
 Fire: Hunting sling     |     2 |       ||     2
  Use: Scroll            |       |     3 ||     3
  Eat: Chunk             |     2 |     1 ||     3
Armor: Chain mail        |   173 |    58 ||   231
Dodge: Dodged            |    54 |    24 ||    78
Block: Shield            |   129 |    44 ||   173
